 Dungeon Crawl Stone Soup version 0.29.0-15-g675c0067aa (webtiles) character file.

Game seed: 17863955041631356353

89 Powertoast the Sneak (level 4, -1/39 HPs)
             Began as a Naga Artificer on Sept 12, 2022.
             Killed by nerve-wracking pain
             ... invoked by an orc priest
              (14 damage)
             ... on level 3 of the Dungeon.
             The game lasted 00:09:14 (3532 turns).

Powertoast the Sneak (Naga Artificer)               Turns: 3532, Time: 00:09:14

Health: -1/39      AC:  3    Str: 15    XL:     4   Next: 55%
Magic:  4/4        EV:  9    Int: 13    God:
Gold:   108        SH:  0    Dex: 11    Spells: 3/3 levels left

rFire   . . .      SeeInvis +   i - +0 short sword
rCold   . . .      Faith    .   (no shield)
rNeg    . . .      Spirit   .   b - +0 leather armour
rPois   +          Reflect  .   (no helmet)
rElec   .          Harm     .   (no cloak)
rCorr   .          Rampage  .   (no gloves)
Will    .....                   (no barding)
Stlth   +++.......              (no amulet)
HPRegen 0.13/turn               (no ring)
MPRegen 0.09/turn               (no ring)

@: very slow
A: AC +1, large, see invisible, deformed body, poison resistance, slowness 2,
spit poison 1, naga tail 1
a: Spit Poison


You were on level 3 of the Dungeon.
You visited 1 branch of the dungeon, and saw 3 of its levels.

You collected 108 gold pieces.

Inventory:

Hand Weapons
 a - a +0 club
 g - a +0 long sword
 i - a +0 short sword (weapon)
Missiles
 j - 5 poisoned darts
Armour
 b - a +0 leather armour (worn)
Wands
 c - a wand of flame (11)
 d - a wand of charming (13)
 e - a wand of iceblast (5)
Scrolls
 h - a scroll of magic mapping {unknown}
 l - a scroll of vulnerability {unknown}
 p - a scroll of summoning {unknown}
 q - a scroll of butterflies {unknown}
 r - a scroll of identify {unknown}
 t - a scroll of enchant armour {unknown}
Potions
 f - 2 potions of mutation {unknown}
 k - 4 potions of curing {unknown}
 m - a potion of cancellation {unknown}
 n - a potion of resistance {unknown}
 o - a potion of degeneration {unknown}
 s - a potion of brilliance {unknown}
 u - a potion of flight {unknown}
 v - 2 potions of magic {unknown}


   Skills:
 - Level 2.0 Fighting
 - Level 1.5 Armour
 - Level 0.7 Dodging
 + Level 6.0 Stealth
 - Level 0.1 Spellcasting
 - Level 3.0 Evocations


You had 3 spell levels left.
You didn't know any spells.
Your spell library contained the following spells:

 Spells                   Type           Power      Damage    Failure   Level
 Blink                    Tloc           0%         N/A       50%         2
 Conjure Flame            Conj/Fire      0%         6-21      75%         3
 Ignite Poison            Fire/Tmut/Pois 0%         N/A       75%         3
 Lesser Beckoning         Tloc           0%         N/A       75%         3
 Sticky Flame             Conj/Fire      0%         2d3       98%         4
 Manifold Assault         Tloc           0%         N/A       100%        5


Dungeon Overview and Level Annotations

Branches:
Dungeon (3/15)

Altars:


Innate Abilities, Weirdness & Mutations

Your serpentine skin is tough. (AC +1)
You have supernaturally acute eyesight. (SInv)
Armour fits poorly on your strangely shaped body.
Your system is resistant to poisons. (rPois)
You cover ground very slowly.
You can spit poison.
You have a snake-like lower body.


Message History

The orc barely misses your orc priest.
You have got your breath back.
What are your orders? t - Shout!
Orders for allies: a - Attack new target. r - Retreat! s - Stop attacking. g - Guard the area. f - Follow me.
Anything else - Cancel.
Gang up on whom?
Press: ? - help, Dir - move target, f - orc
Aim: an orc, wielding a +0 club Attack!
Your orc priest looks braver for a moment.
The orc hits your orc priest with a +0 club.
The orc hits your orc priest with a +0 club.
Your orc priest hits the orc with a +0 club.
The orc barely misses your orc priest.
Your orc priest begins to cast a cantrip, but forgets the words!
The orc barely misses your orc priest.
Your orc priest hits the orc with a +0 club!
The orc dies!
You swap places.
Really attack your orc priest?
Uppercase [Y]es or [N]o only, please.
Really attack your orc priest?
You completely miss your orc priest.
The orc priest is no longer charmed.
The orc priest is moderately wounded.
The orc priest miscasts a cantrip.
The splash of poison hits the orc priest.
The orc priest is heavily wounded.
The orc priest hits you with a +0 club.
You hit the orc priest.
The orc priest is severely wounded.
The orc priest hits you with a +0 club. The orc priest barely misses you.
You hit the orc priest but do no damage.
The orc priest is severely wounded.
You have got your breath back.
The orc priest calls down the wrath of Beogh upon you.
Pain shoots through your body!
You die...

........)####.##.....#
##.#####..####.###.##.#####.#
#.# #...........##.......#
#.# .#####.#######.#.#### #.#
.# #.........#.#
#...........# #.###########
#.#####o# #...))@.# #########


You could see an orc priest.

Vanquished Creatures
  4 adders
  A worm (D:2)
  A dart slug (D:1)
  3 orcs (D:3)
  An endoplasm (D:1)
  2 giant cockroaches (D:2)
  2 goblins
  4 hobgoblins
  2 jackals (D:1)
  4 quokkas
  5 ball pythons
  3 bats
  5 frilled lizards
  3 kobolds (D:1)
  4 rats
44 creatures vanquished.

Vanquished Creatures (collateral kills)
  An orc (D:3)
1 creature vanquished.

Grand Total: 45 creatures vanquished

Notes
Turn   | Place    | Note
-------+----------+-------------------------------------------
     0 | D:1      | Powertoast the Naga Artificer began the quest for the Orb.
     0 | D:1      | Reached XP level 1. HP: 18/18 MP: 1/1
   180 | D:1      | Reached skill level 2 in Stealth
   454 | D:1      | Reached XP level 2. HP: 3/25 MP: 2/2
   918 | D:1      | Reached skill level 3 in Stealth
  1483 | D:1      | Reached XP level 3. HP: 32/32 MP: 3/3
  1679 | D:2      | Reached skill level 4 in Stealth
  2617 | D:2      | Reached skill level 5 in Stealth
  2617 | D:2      | Reached XP level 4. HP: 9/39 MP: 4/4
  3520 | D:3      | Reached skill level 6 in Stealth
  3532 | D:3      | Killed from afar by an orc priest

Illustrated notes

Levels and vault maps discovered:
D:1:      minmay_arrival_wavy_path, layout_loops_corners, glass_columns_a,
          minmay_split_cup_small
D:2:      layout_basic, serial_corexii_hall, corexii_hall_statues_i,
          corexii_hall_statues_t, corexii_hall_statues_deadend,
          minmay_hexomino_p4
D:3:      layout_loops_ring, hellmonk_ecumenical_altar_lost_god

Skill      XL: |  1  2  3  4 |
---------------+-------------+-----
Stealth        | 2 3 5 6 |  6.0
Fighting       | 2 |  2.0
Armour         | |  1.5
Dodging        | |  0.7
Spellcasting   | |  0.1
Evocations     | |  3.0

Action                   |  1- 3 |  4- 6 || total
-------------------------+-------+-------++-------
Melee: Long sword        |    16 |       ||    16
       Club              |     1 |       ||     1
       Short sword       |    40 |    17 ||    57
 Abil: Spit Poison       |    46 |    10 ||    56
Evoke: Wand              |     4 |     2 ||     6
 Stab: Sleeping          |     2 |       ||     2
Armor: Leather armour    |    15 |     4 ||    19
Dodge: Dodged            |    28 |     9 ||    37
